 Dungeon Crawl Stone Soup version 0.21.1-1-g345015fe64 (webtiles) character file.

176 Kohma the Chopper (level 5, -2/47 HPs)
             Began as a Minotaur Berserker on June 19, 2018.
             Was a Believer of Trog.
             Slain by a gnoll
             ... wielding a +0 halberd
              (13 damage)
             ... on level 3 of the Dungeon.
             The game lasted 00:04:40 (2346 turns).

Kohma the Chopper (Minotaur Berserker)              Turns: 2346, Time: 00:04:41

Health: -2/47      AC:  2    Str: 22    XL:     5   Next: 30%
Magic:  4/4        EV: 13    Int:  4    God:    Trog [**....]
Gold:   62         SH:  0    Dex: 10    Spells: 4/4 levels left

rFire    . . .     SeeInvis .   a - +0 hand axe
rCold    . . .     Gourm    .   (no shield)
rNeg     . . .     Faith    .   b - +0 animal skin
rPois    .         Spirit   .   (helmet restricted)
rElec    .         Reflect  .   (no cloak)
rCorr    .         Harm     .   (no gloves)
MR       .....                  (no boots)
Stlth    +.........             (no amulet)
HPRegen  0.15/turn              (no ring)
MPRegen  0.09/turn              (no ring)

@: no status effects
A: retaliatory headbutt, horns 2
a: Berserk, Trog's Hand, Burn Spellbooks, Renounce Religion


You were on level 3 of the Dungeon.
You worshipped Trog.
Trog was pleased with you.
You were not hungry.

You visited 1 branch of the dungeon, and saw 3 of its levels.

You collected 62 gold pieces.

Inventory:

Hand Weapons
 a - a +0 hand axe (weapon)
 f - a cursed -2 mace
Armour
 b - a +0 animal skin (worn)
 h - a +0 leather armour
 j - a +0 leather armour
 k - a cursed -2 ring mail
 n - a +0 chain mail
 p - a cursed -2 ring mail
Jewellery
 s - a +1 ring of protection {unknown}
Scrolls
 d - a scroll of magic mapping {unknown}
 e - 4 scrolls of identify {unknown}
 g - 2 scrolls of enchant weapon {unknown}
 i - a scroll of fear {unknown}
 l - a scroll of enchant armour {unknown}
 m - a scroll of teleportation {unknown}
 r - 4 scrolls of remove curse {unknown}
Potions
 o - a potion of berserk rage {unknown}
 q - 2 potions of mutation {unknown}
 t - a potion of haste {unknown}
 u - a potion of curing {unknown}
Comestibles
 c - 3 rations


   Skills:
 + Level 4.6 Fighting
 * Level 5.3 Axes
 + Level 3.7 Armour
 + Level 3.3 Dodging


You had 4 spell levels left.
You didn't know any spells.

Dungeon Overview and Level Annotations

Branches:
Dungeon (3/15)

Altars:


Innate Abilities, Weirdness & Mutations

You reflexively headbutt those who attack you in melee.
You have a pair of horns on your head.


Message History

a club; a whip The gnoll misses you.
The gnoll hits you with a halberd! x2
Things that are here:
a club; a whip You hit the gnoll.
The gnoll is heavily wounded.
You hit the gnoll.
The gnoll barely misses you. x2; You furiously retaliate!
You headbutt the gnoll. The gnoll closely misses you. x2
The gnoll closely misses you.
The gnoll hits you from afar with a halberd!
* * * LOW HITPOINT WARNING * * *
Things that are here:
a club; a whip You closely miss the gnoll.
Your headbutt misses the gnoll.
The gnoll is almost dead.
You closely miss the gnoll. The gnoll barely misses you.
The gnoll hits you with a halberd!
You die...

≈≈≈≈≈≈≈≈....≈≈≈≈≈≈≈≈≈≈≈
≈≈≈≈≈≈≈≈....≈≈≈≈≈≈≈≈≈≈≈
......................
#######''''#############
#....# +....#+# #....#
#...... #....# ....#
#....#########''##.#
#....#.).@g........#
+....'..8#g.......(#
+....'..8#..##++##.#
#8..8#......# #
#############


You could see 2 gnolls.

Vanquished Creatures
  2 gnoll shamans (D:3)
  An adder (D:2)
  3 gnolls (D:3)
  An ooze (D:2)
  2 worms
  3 dart slugs (D:1)
  3 leopard geckos (D:1)
  3 bats
  2 giant cockroaches
  7 goblins
  6 hobgoblins
  11 jackals
  2 quokkas
  4 frilled lizards
  3 kobolds
  7 rats
60 creatures vanquished.

Notes
Turn   | Place    | Note
-------+----------+-------------------------------------------
     0 | D:1      | Kohma the Minotaur Berserker began the quest for the Orb.
     0 | D:1      | Reached XP level 1. HP: 19/19 MP: 0/0
    92 | D:1      | Reached XP level 2. HP: 15/27 MP: 1/1
   340 | D:1      | Reached skill level 4 in Axes
   497 | D:1      | Reached XP level 3. HP: 29/33 MP: 2/2
  1018 | D:2      | Reached ** piety under Trog
  1320 | D:2      | Reached XP level 4. HP: 40/40 MP: 3/3
  1999 | D:3      | Reached skill level 5 in Axes
  1999 | D:3      | Reached XP level 5. HP: 10/47 MP: 4/4
  2346 | D:3      | Slain by a gnoll

Skill      XL: |  1  2  3  4 |
---------------+-------------+-----
Fighting       | 4 |  4.6
Axes           | 4 5 |  5.3
Armour         | 3 |  3.7
Dodging        | 3 |  3.3

Action                   |  1- 3 |  4- 6 || total
-------------------------+-------+-------++-------
Melee: Hand axe          |    82 |    32 ||   114
       Headbutt          |    10 |     5 ||    15
Invok: Berserk           |       |     2 ||     2
       Trog's Hand       |       |     1 ||     1
 Stab: Sleeping          |     1 |       ||     1
  Eat: Chunk             |     1 |     5 ||     6
       Ration            |       |     1 ||     1
Armor: Animal skin       |    11 |     3 ||    14
Dodge: Dodged            |    50 |    32 ||    82
